AoeStats
← timmywang50301

Arena

509919734Analyzed
1v1 RM · 2d ago on Sep 28, 2026· 22m 23s· 2 players
Game mode
Random Map
Map size
Tiny (2 player)
Population
200
Speed
Normal
Resources
Standard
Victory
Conquest
Starting age
Dark Age
Ending age
Imperial Age
RankedLock teamsTeams togetherTeam positionsShared explorationLock speedFull tech treeHidden civsTurbo modeCheats
Victory
Defeat
🇮🇳 Portuguese · India
916
+15
🇹🇼 Inca · Taiwan
896
-15
timmywang50301
11:28 Feudal Age
12:18 Double-Bit Axe
15:47 Castle Age
15:52 Horse Collar
17:08 Bow Saw
19:32 Champi Runner
21:30 Scale Mail Armor
22:16 Forging
LightAOE
10:47 Feudal Age
15:09 Castle Age
13:53 Stone Mining
15:40 Loom
21:47 Double-Bit Axe
Connection lost

Rejoining the realm…

Still unreachable

The connection could not be restored.

Session expired

The server has moved on; the page needs a fresh start.